 Zot Defence DCSS version 0.16-a0-3749-g20dbed2 (console) character file.

3949 Monkaria the Grappler (level 10, 0/1 (102) HPs)
             Began as a Troll Fighter on Jan 23, 2015.
             Was an Elder of Makhleb.
             Rotted away (an ogre)
             ... in the Realm of Zot (Scenario I: Hall of Zot).
             The game lasted 00:15:27 (1430 turns).

Monkaria the Grappler (Troll Fighter)               Turns: 1430, Time: 00:15:27

HP:   0/1 (102)     AC:  5    Str: 29      XL:     10   Next: 2%
MP:   4/4           EV:  7    Int:  4      God:    Makhleb [****..]
Gold: 0             SH:  9    Dex:  8 (9)  Spells: 0 memorised, 9 levels left

rFire  . . .     SeeInvis .       - Unarmed
rCold  . . .     Clarity  .     b - +0 robe (curse)
rNeg   . . .     SustAb   .     c - +0 shield
rPois  .         Gourm    +     (helmet restricted)
rElec  .         Spirit   .     (no cloak)
rCorr  .         Warding  .     (gloves unavailable)
rMut   .         Stasis   .     (boots unavailable)
MR     .....                    (no amulet)
Stlth  +.........               (no ring)
                                (no ring)

@: not resistant to hostile enchantments, very unstealthy
A: unfitting armour, claws 3, fast metabolism 3, gourmand, regeneration 2,
shaggy fur 1, tough skin 2
a: Make oklob sapling, Make arrow trap, Make plant, Remove Curse, Make burning
bush, Make altar, Make grenades, Make oklob plant, Make net trap, Make ice
statue, Make spear trap, Minor Destruction, Lesser Servant of Makhleb, Major
Destruction, Renounce Religion


You were in the Realm of Zot.
You worshipped Makhleb.
Makhleb was greatly pleased with you.
You were not hungry.

You visited 1 branch

Inventory:

Armour
 b - a cursed +0 robe (worn)
 c - a +0 shield (worn)
Scrolls
 j - a scroll of blinking
Potions
 e - a potion of might
 g - a potion of haste
 h - 2 potions of magic
Comestibles
 d - 2 meat rations


   Skills:
 - Level 7.1 Fighting
 - Level 2.4 Armour
 - Level 2.4 Shields
 + Level 12.0 Unarmed Combat


You had 9 spell levels left.
You didn't know any spells.

Dungeon Overview and Level Annotations

Branches:
    Zot (1/1)

Altars:
Makhleb


Innate Abilities, Weirdness & Mutations

You are too large for most types of armour.
You have claws for hands.
Your metabolism is lightning-fast.
You like to eat raw meat.
You heal very quickly.
You are covered in fur (AC +1).
You have very tough skin (AC +2).


Message History

Your shield prevents you from hitting the ogre.
Your flesh rots away as the Orb of Zot is desecrated.
A giant gecko comes into view.
Things that are here:
a halberd; a dagger Your flesh rots away as the Orb of Zot is desecrated. x2
Your oklob sapling spits acid at the ogre.
The splash of acid hits the ogre.
The ogre writhes in agony as its flesh is eaten away!
Your flesh rots away as the Orb of Zot is desecrated. x5
Things that are here:
a halberd; a dagger Your flesh rots away as the Orb of Zot is desecrated. x3
Items here: )) [[[ a leather armour; a mace; a chain mail; a scale mail; a dagger of venom Your flesh rots away as the Orb of Zot is desecrated.
You claw the ogre!
Your flesh rots away as the Orb of Zot is desecrated. x2
Ouch! That really hurt!
You die...

▓▓▓▓▓▓▓▓▓ ▓▓▓▓▓▓▓ .....▓▓▓▓
▓▓▓▓... ........▓▓▓ ▓▓▓......
..........▓▓ ▓▓........
...........▓ ▓▓▓▓▓▓▓▓▓ ▓.........
...........▓▓▓.......▓▓▓.........
...........▓▓.........▓▓.........
...........▓....)†.....▓P........
..........)))l.)@OP)_.÷P^........
.........))▓...........▓P........
.........))▓▓.........▓▓.))......
........)))▓▓▓.......▓▓▓..).÷....
...........# ▓▓▓▓▓▓▓▓▓ #...)÷....
......)...## ##...)....
........### ###...÷.. .....####
####... ########## ########


You could see an ogre (bleeding), a giant gecko, 2 friendly oklob plants and 2
friendly oklob saplings.

Vanquished Creatures
  Josephine (Zot)
  A basilisk (Zot)
  An iguana (Zot)
  2 big kobolds (Zot)
  A black bear (Zot)
  A giant frog skeleton (Zot)
  A centaur skeleton (Zot)
  Terence (Zot)
  A gnoll (Zot)
  3 adders (Zot)
  A worm (Zot)
  6 oozes (Zot)
  4 orcs (Zot)
  2 ball pythons (Zot)
  3 bats (Zot)
  A bat zombie (Zot)
  3 giant cockroaches (Zot)
  2 goblins (Zot)
  6 kobolds (Zot)
  A giant newt (Zot)
  A jackal skeleton (Zot)
  2 quokkas (Zot)
  3 rats (Zot)
48 creatures vanquished.

Vanquished Creatures (collateral kills)
  A wind drake (Zot)
  Menkaure (Zot)
  3 black bears (Zot)
  A phantom (Zot)
  A sheep (Zot)
  2 hounds (Zot)
  An orc wizard (Zot)
  A black bear zombie (Zot)
  A gnoll shaman (Zot)
  4 iguanas (Zot)
  A worker ant (Zot)
  2 gnolls (Zot)
  4 adders (Zot)
  4 giant mites (Zot)
  An adder zombie (Zot)
  A giant gecko (Zot)
  5 orcs (Zot)
  4 bats (Zot)
  10 hobgoblins (Zot)
  3 ball pythons (Zot)
  5 giant cockroaches (Zot)
  4 giant newts (Zot)
  15 goblins (Zot)
  A goblin skeleton (Zot)
  7 jackals (Zot)
  A jackal skeleton (Zot)
  8 kobolds (Zot)
  4 quokkas (Zot)
  3 rats (Zot)
  2 butterflies (Zot)
101 creatures vanquished.

Vanquished Creatures (others)
  3 oklob plants (Zot)
  11 oklob saplings (Zot)
14 creatures vanquished.

Grand Total: 163 creatures vanquished

Notes
Turn   | Place    | Note
--------------------------------------------------------------
     0 | Zot      | Monkaria, the Troll Fighter, began the quest for the Orb.
     0 | Zot      | Reached XP level 1. HP: 22/22 MP: 1/1
   216 | Zot      | Reached XP level 2. HP: 26/29 MP: 1/1
   223 | Zot      | Reached skill level 3 in Fighting
   233 | Zot      | Noticed Dicsoqy
   241 | Zot      | Reached XP level 3. HP: 37/37 MP: 2/2
   253 | Zot      | Killed Dicsoqy the big kobold
   253 | Zot      | Reached skill level 5 in Fighting
   253 | Zot      | Reached XP level 4. HP: 28/50 MP: 2/2
   253 | Zot      | Reached XP level 5. HP: 31/57 MP: 2/2
   359 | Zot      | Reached XP level 6. HP: 64/67 MP: 3/3
   375 | Zot      | Reached skill level 6 in Fighting
   470 | Zot      | Became a worshipper of Makhleb the Destroyer
   622 | Zot      | Acquired Makhleb's first power
   641 | Zot      | Noticed Terence
   652 | Zot      | Killed Terence
   722 | Zot      | Reached XP level 7. HP: 34/42 MP: 3/3
   752 | Zot      | Reached skill level 7 in Fighting
   830 | Zot      | Acquired Makhleb's second power
  1052 | Zot      | Noticed Menkaure
  1054 | Zot      | Killed Menkaure
  1121 | Zot      | Reached skill level 5 in Unarmed Combat
  1121 | Zot      | Reached XP level 8. HP: 46/46 MP: 3/3
  1131 | Zot      | Acquired Makhleb's third power
  1254 | Zot      | Reached skill level 8 in Unarmed Combat
  1321 | Zot      | Reached XP level 9. HP: 20/20 MP: 4/4
  1331 | Zot      | Reached skill level 9 in Unarmed Combat
  1337 | Zot      | Noticed Josephine
  1358 | Zot      | HP: 1/20 [Josephine/vampiric draining (10)]
  1367 | Zot      | Killed Josephine
  1367 | Zot      | Reached skill level 11 in Unarmed Combat
  1388 | Zot      | Acquired Makhleb's fourth power
  1411 | Zot      | Reached XP level 10. HP: 14/14 MP: 4/4
  1422 | Zot      | Reached skill level 12 in Unarmed Combat
  1430 | Zot      | Rotted away (an ogre)

Action                   |  1- 3 |  4- 6 |  7- 9 | 10-12 || total
-------------------------+-------+-------+-------+-------++-------
Melee: Unarmed           |    47 |    72 |    70 |     3 ||   192
 Abil: Make oklob saplin |     1 |     5 |     7 |       ||    13
       Make altar        |       |     1 |       |       ||     1
       Remove Curse      |       |     1 |       |       ||     1
       Make oklob plant  |       |       |     4 |     1 ||     5
       Make net trap     |       |       |       |     1 ||     1
  Use: Potion            |       |     2 |     3 |       ||     5
 Stab: Distracted        |       |     1 |     1 |       ||     2
  Eat: Chunk             |       |     1 |     7 |       ||     8
